[Event "Titled Tuesday Blitz March 08 Late 2022"]
[White "Keymer, Vincent"]
[Black "Kamsky, Gata"]
[WhiteFideId "12940690"]
[BlackFideId "2000024"]
[WhiteElo "2557"]
[BlackElo "2645"]
[Result "1/2-1/2"]
[Round "10"]
[TimeControl "180+1"]
[Date "2022.03.08"]
[WhiteClock "0:00:02"]
[BlackClock "0:00:31"]

1. d4 d5 2. c4 dxc4 3. Nf3 Nf6 4. e3 e6 5. Bxc4 a6 6. O-O c5 7. Be2 Nc6 8. Ne5 cxd4 9. Nxc6 bxc6 10. exd4 c5 11. dxc5 Qxd1 12. Rxd1 Bxc5 13. Nc3 Bb7 14. Na4 Ba7 15. Be3 Bxe3 16. fxe3 a5 17. Bb5+ Ke7 18. Rac1 Rac8 19. Nb6 Rxc1 20. Rxc1 Rb8 21. Rc7+ Kf8 22. a4 Nd5 23. Nxd5 Bxd5 24. Kf2 Rb7 25. Rc8+ Ke7 26. g3 f5 27. Ke2 g5 28. Kd3 Kd6 29. Kc3 Ke5 30. b4 axb4+ 31. Kxb4 Ke4 32. Rc3 f4 33. exf4 gxf4 34. gxf4 Kxf4 35. a5 e5 36. a6 Rg7 37. Rc5 Bh1 38. Ka5 e4 39. Bc6 Bg2 40. Kb6 e3 41. Bxg2 Rxg2 42. a7 Ra2 43. Ra5 Rxa5 44. Kxa5 e2 45. a8=Q e1=Q+ 46. Kb5 Qe5+ 47. Kb4 Qe4+ 48. Qxe4+ Kxe4 49. Kc3 1/2-1/2


[Site "https://www.chess.com"]

[Event "Titled Tuesday Blitz March 08 Late 2022"]
[White "Khabinets, Ivan"]
[Black "Erdogdu, Mert"]
[WhiteFideId "14115980"]
[BlackFideId "6301495"]
[WhiteElo "2114"]
[BlackElo "2485"]
[Result "1/2-1/2"]
[Round "10"]
[TimeControl "180+1"]
[Date "2022.03.08"]
[WhiteClock "0:00:03"]
[BlackClock "0:00:02"]

1. e4 c5 2. Be2 g6 3. f4 Bg7 4. Nf3 d6 5. O-O Nf6 6. d3 O-O 7. c3 Nc6 8. Kh1 Rb8 9. Be3 b5 10. a3 a5 11. Nbd2 b4 12. axb4 axb4 13. d4 bxc3 14. bxc3 cxd4 15. cxd4 d5 16. e5 Ne4 17. Nxe4 dxe4 18. Ng5 Bb7 19. Bc4 Nb4 20. f5 Bd5 21. Be2 h6 22. Nh3 g5 23. Nf2 Ra8 24. Rxa8 Qxa8 25. Ng4 Rc8 26. f6 exf6 27. Nxf6+ Bxf6 28. exf6 Nc2 29. Qd2 Nxe3 30. Qxe3 Qa5 31. Qg3 Qc3 32. Qe5 Bc4 33. Bxc4 Qxc4 34. Re1 Rd8 35. Qxe4 Rxd4 36. Qe8+ Kh7 37. h3 Rf4 38. Qe5 Qc6 39. Rd1 Rxf6 40. Qg3 Kg7 41. Kh2 Rf4 42. Kh1 Qf6 43. Kh2 h5 44. Qe3 h4 45. Rd5 Kg6 46. Qd3+ Kh6 47. Qe3 Kg7 48. Qd3 Qe7 49. Qb5 Kh6 50. Qc6+ f6 51. Rd7 Qe3 52. Qc8 Qg3+ 53. Kg1 Qf2+ 54. Kh2 Qg3+ 55. Kg1 Qe1+ 56. Kh2 Qg3+ 1/2-1/2


[Site "https://www.chess.com"]

[Event "Titled Tuesday Blitz March 08 Late 2022"]
[White "Kim, Sergey"]
[Black "Galego, Luis"]
[WhiteFideId "13700570"]
[BlackFideId "1900072"]
[WhiteElo "2549"]
[BlackElo "2516"]
[Result "0-1"]
[Round "10"]
[TimeControl "180+1"]
[Date "2022.03.09"]
[WhiteClock "0:00:51"]
[BlackClock "0:00:25"]

1. d4 Nf6 2. c4 d6 3. Nc3 e5 4. Nf3 exd4 5. Nxd4 Be7 6. g3 O-O 7. Bg2 c6 8. O-O Re8 9. Qc2 Bf8 10. Rd1 Bg4 11. b3 Nbd7 12. Bb2 Bh5 13. Rd2 Bg6 14. Qd1 a5 15. Nf3 Nc5 16. Nh4 a4 17. Nxg6 hxg6 18. b4 Nce4 19. Nxe4 Nxe4 20. Rd4 a3 21. Rxe4 axb2 22. Rb1 Rxe4 23. Bxe4 Rxa2 24. Qb3 Ra1 25. Qxb2 Rxb1+ 26. Qxb1 d5 27. cxd5 cxd5 28. Bf3 b6 29. Kg2 Qd6 30. b5 d4 31. h4 Qf6 32. Bd5 Bc5 33. Qd3 Qf5 34. Be4 Qe5 35. Bf3 Qf5 36. Qc4 g5 37. hxg5 Qxg5 38. Qd3 Qf6 39. Qe4 g6 40. Qd5 Kg7 41. g4 Qf4 42. Qd7 Qd6 43. Qb7 d3 44. exd3 Qd4 45. Qe4 Qxf2+ 46. Kh3 Bd6 0-1


[Site "https://www.chess.com"]

[Event "Titled Tuesday Blitz March 08 Late 2022"]
[White "Koellner, Ruben Gideon"]
[Black "Fishbein, Alexander"]
[WhiteFideId "12993093"]
[BlackFideId "2000377"]
[WhiteElo "2462"]
[BlackElo "2442"]
[Result "1-0"]
[Round "10"]
[TimeControl "180+1"]
[Date "2022.03.08"]
[WhiteClock "0:00:24"]
[BlackClock "0:00:10"]

1. d4 Nf6 2. Bg5 Ne4 3. Bf4 c5 4. f3 Qa5+ 5. c3 Nf6 6. d5 Qb6 7. Bc1 e6 8. e4 c4 9. Bxc4 Bc5 10. Ne2 exd5 11. Bxd5 Nxd5 12. Qxd5 O-O 13. Qb3 Qa6 14. Nd2 Nc6 15. a4 Ne5 16. Qb5 Qg6 17. Nf4 Qf6 18. Qxc5 Qxf4 19. Qd4 Qh4+ 20. g3 Qe7 21. O-O d5 22. exd5 Re8 23. Re1 Qf6 24. f4 Bh3 25. fxe5 Qf5 26. Qe4 Qh5 27. Nf3 Bg4 28. Nh4 Rad8 29. c4 b6 30. Qf4 h6 31. Qd4 g5 32. Ng2 Bf3 33. Bd2 Qh3 34. Qf2 Qh5 35. Bc3 Kh7 36. Rf1 g4 37. Nh4 Qg5 38. Nxf3 gxf3 39. Qxf3 Rf8 40. Qf5+ Qxf5 41. Rxf5 1-0


[Site "https://www.chess.com"]

[Event "Titled Tuesday Blitz March 08 Late 2022"]
[White "Koutlas, Nikolaos"]
[Black "Jobava, Baadur"]
[WhiteFideId "25827138"]
[BlackFideId "13601520"]
[WhiteElo "1610"]
[BlackElo "2617"]
[Result "0-1"]
[Round "10"]
[TimeControl "180+1"]
[Date "2022.03.08"]
[WhiteClock "0:00:01"]
[BlackClock "0:01:17"]

1. e4 d5 2. exd5 Nf6 3. Nc3 c6 4. dxc6 Nxc6 5. Nf3 e5 6. Bb5 Bd6 7. O-O O-O 8. d3 Bg4 9. h3 Bh5 10. Bxc6 bxc6 11. Ne4 h6 12. Ng3 Bg6 13. Nh4 Bh7 14. Nhf5 Re8 15. Qf3 Bf8 16. Bd2 Re6 17. Rfe1 Qd5 18. Qe2 e4 19. dxe4 Nxe4 20. Nxe4 Bxf5 21. f3 Rae8 22. Qd3 Rd8 23. Qxd5 cxd5 24. Nc3 Bxc2 25. Rxe6 fxe6 26. Ne2 e5 27. Rc1 Bd3 28. Nc3 Kf7 29. Kf2 Ke6 30. Ne2 Kd7 31. f4 e4 32. Nd4 Rb8 33. b3 Rb6 34. Be3 Ba3 35. Rc3 Bb4 36. Rc1 Ra6 37. a4 Ba3 0-1


[Site "https://www.chess.com"]

[Event "Titled Tuesday Blitz March 08 Late 2022"]
[White "Kuegel, Tobias"]
[Black "Korchmar, Vasiliy"]
[WhiteFideId "4636295"]
[BlackFideId "24131750"]
[WhiteElo "2213"]
[BlackElo "2370"]
[Result "0-1"]
[Round "10"]
[TimeControl "180+1"]
[Date "2022.03.08"]
[WhiteClock "0:00:27"]
[BlackClock "0:00:22"]

1. e4 c5 2. c4 Nc6 3. Ne2 Nf6 4. Nbc3 Nd4 5. e5 Ng8 6. Nxd4 cxd4 7. Nb5 g6 8. Nxd4 Bg7 9. Nf3 b6 10. d4 Bb7 11. Be2 d6 12. exd6 Qxd6 13. O-O Nf6 14. Re1 O-O 15. d5 e6 16. dxe6 Qxe6 17. Bf1 Qg4 18. Ne5 Qc8 19. Bg5 Ne4 20. Rxe4 Bxe4 21. Nd7 Bxb2 22. Bf6 Bf5 23. Bxb2 Qxd7 24. Qf3 Rad8 25. g4 Qd2 26. Bc3 Qg5 27. h3 h5 28. Be2 Rfe8 29. Kh2 hxg4 30. hxg4 Qh4+ 31. Kg2 Be4 32. Rh1 Bxf3+ 33. Bxf3 Qxh1+ 34. Kxh1 Rd3 35. Bc6 Rxc3 36. Bxe8 Rxc4 0-1


[Site "https://www.chess.com"]

[Event "Titled Tuesday Blitz March 08 Late 2022"]
[White "Kujawski, Adam"]
[Black "Morris-Suzuki, Sophie"]
[WhiteFideId "1100920"]
[BlackFideId "30922615"]
[WhiteElo "2053"]
[BlackElo "2489"]
[Result "0-1"]
[Round "10"]
[TimeControl "180+1"]
[Date "2022.03.09"]
[WhiteClock "0:00:03"]
[BlackClock "0:00:06"]

1. e4 c5 2. Nf3 e6 3. d4 cxd4 4. Nxd4 a6 5. c4 Nf6 6. Nc3 Qc7 7. Be3 b6 8. Bd3 Bb7 9. a3 d6 10. O-O Nbd7 11. Re1 Be7 12. Rc1 O-O 13. Bb1 Rac8 14. b4 Qb8 15. Nd5 exd5 16. Nf5 Rfe8 17. exd5 Bf8 18. Bd4 b5 19. Qd2 bxc4 20. Qg5 Kh8 21. Nh6 Bxd5 22. Ng4 Rxe1+ 23. Rxe1 Re8 24. Rd1 Be4 25. Nxf6 Nxf6 26. Bxf6 gxf6 27. Qxf6+ Bg7 28. Qxf7 Bxb1 29. Rxb1 Qc8 30. Rd1 c3 31. h3 c2 32. Rc1 Qe6 33. Qxe6 Rxe6 34. Rxc2 Be5 35. g3 Bd4 36. Kg2 d5 37. f4 Be3 38. h4 d4 39. Kf3 d3 40. Rc8+ Kg7 41. Rd8 d2 42. Rd7+ Kf6 43. Ke2 Bxf4+ 44. Kd1 Re1+ 45. Kc2 Rc1+ 46. Kb2 d1=Q 47. Rxd1 Rxd1 0-1


[Site "https://www.chess.com"]

[Event "Titled Tuesday Blitz March 08 Late 2022"]
[White "Kushko, Dmitriy"]
[Black "Dilmukhametov, Artur"]
[WhiteFideId "14162261"]
[BlackFideId "24179922"]
[WhiteElo "2225"]
[BlackElo "2237"]
[Result "1-0"]
[Round "10"]
[TimeControl "180+1"]
[Date "2022.03.08"]
[WhiteClock "0:01:22"]
[BlackClock "0:00:13"]

1. Nf3 c5 2. g3 Nc6 3. Bg2 g6 4. c4 Bg7 5. Nc3 e6 6. O-O Nge7 7. a3 O-O 8. b4 cxb4 9. axb4 Nxb4 10. Ba3 Nec6 11. d4 d5 12. e3 dxc4 13. Nd2 Re8 14. Nxc4 a5 15. Bxc6 Nxc6 16. Nd6 Re7 17. Nxc8 Qxc8 18. Bxe7 Nxe7 19. Qb3 e5 20. d5 e4 21. Rac1 Qd7 22. Rfd1 Re8 23. Nxe4 a4 24. Qa2 b5 25. d6 Nf5 26. Nc5 Qa7 27. d7 Rd8 28. Qd5 Bf8 29. Nb7 Ne7 30. Qxb5 1-0


[Site "https://www.chess.com"]

[Event "Titled Tuesday Blitz March 08 Late 2022"]
[White "Maksimovic, Bojan"]
[Black "Moksh Amit Doshi"]
[WhiteFideId "14408120"]
[BlackFideId "25064967"]
[WhiteElo "2448"]
[BlackElo "2245"]
[Result "1-0"]
[Round "10"]
[TimeControl "180+1"]
[Date "2022.03.08"]
[WhiteClock "0:00:04"]
[BlackClock "0:00:01"]

1. a3 e5 2. c4 Nf6 3. b4 a5 4. Bb2 axb4 5. axb4 Rxa1 6. Bxa1 Bxb4 7. Bxe5 Nc6 8. Bc3 O-O 9. Nf3 d5 10. e3 Bf5 11. Be2 Re8 12. O-O h6 13. Qb3 Bxc3 14. dxc3 Na5 15. Qb4 Nxc4 16. Bxc4 dxc4 17. Qxb7 Be4 18. Qb5 Bxf3 19. gxf3 Qd3 20. Na3 Qxc3 21. Nxc4 Rd8 22. Ne5 Qc2 23. Qc4 Qxc4 24. Nxc4 Rd5 25. Rc1 Rc5 26. Rc2 Kf8 27. Kf1 Ke7 28. Ke2 Rh5 29. f4 Rxh2 30. Ne5 Ne8 31. Nc6+ Kf8 32. Rc1 Rh5 33. Ne5 f6 34. Nc6 Rb5 35. Nd4 Rb2+ 36. Kf3 Kf7 37. Rc6 Rb6 38. Rc1 h5 39. Rc5 g6 40. Ra5 Nd6 41. Rc5 Rb7 42. Rc1 Nf5 43. Nc6 Rb6 44. Na5 Kg7 45. Rxc7+ Kh6 46. Nc4 Rb8 47. Nd2 h4 48. Ne4 Rf8 49. Rc6 Kg7 50. Rc7+ Rf7 51. Rc1 Re7 52. Rc6 Rf7 53. Ra6 Ne7 54. Nd6 Rf8 55. Ra7 Kh6 56. Rxe7 g5 57. Nf5+ Kg6 58. Kg4 Rg8 59. fxg5 h3 60. Nh4# 1-0


[Site "https://www.chess.com"]

[Event "Titled Tuesday Blitz March 08 Late 2022"]
[White "Maltsevskaya, Aleksandra"]
[Black "Dardha, Daniel"]
[WhiteFideId "24174041"]
[BlackFideId "240990"]
[WhiteElo "2241"]
[BlackElo "2482"]
[Result "0-1"]
[Round "10"]
[TimeControl "180+1"]
[Date "2022.03.08"]
[WhiteClock "0:00:04"]
[BlackClock "0:01:21"]

1. Nf3 d5 2. g3 g6 3. d3 Bg7 4. Nbd2 e5 5. Bg2 Ne7 6. e4 O-O 7. O-O Nbc6 8. Re1 h6 9. exd5 Nxd5 10. Nc4 Re8 11. a4 Nb6 12. Ne3 a5 13. h3 Be6 14. Ng4 g5 15. Ngxe5 Nxe5 16. Nxe5 Bd5 17. Nf3 Qd7 18. c3 Rxe1+ 19. Nxe1 Re8 20. d4 Bxg2 21. Kxg2 Qd5+ 22. Nf3 f5 23. Kg1 g4 24. hxg4 fxg4 25. Nh4 h5 26. Bf4 c6 27. Qd3 Qe4 28. Qxe4 Rxe4 29. Nf5 Re2 30. Rb1 Nxa4 31. Ra1 Nxb2 32. Rxa5 Nc4 33. Ra8+ Kh7 34. Rb8 Rb2 35. Rc8 Bf6 36. Rf8 Kg6 37. Ne3 Nd2 38. Kg2 Nf3 39. Nf1 h4 40. gxh4 Bxh4 41. Bg3 Bg5 42. Rg8+ Kf5 43. Rf8+ Ke4 44. Re8+ Kd3 45. d5 cxd5 46. Ne3 Bxe3 47. Rxe3+ Kc4 48. Re7 Rb1 49. Rc7+ Kd3 50. Bh2 Nxh2 51. Kxh2 b6 52. Kg3 Rg1+ 53. Kh2 Re1 54. Kg3 Re4 55. Rc6 Rc4 56. Rxb6 Kxc3 57. Rd6 Rd4 58. Rg6 Re4 59. Rd6 d4 60. f3 gxf3 61. Kxf3 Re3+ 62. Kf2 Re8 63. Rc6+ Kd2 64. Rc4 d3 65. Rc7 Kd1 66. Kf3 d2 67. Rd7 Ke1 0-1


[Site "https://www.chess.com"]

[Event "Titled Tuesday Blitz March 08 Late 2022"]
[White "Mangialardo, Tiago Carvalho"]
[Black "Vargas Pereda, Jesus Manue"]
[WhiteFideId "2130718"]
[BlackFideId "5115710"]
[WhiteElo "2080"]
[BlackElo "1786"]
[Result "1/2-1/2"]
[Round "10"]
[TimeControl "180+1"]
[Date "2022.03.09"]
[WhiteClock "0:00:04"]
[BlackClock "0:00:08"]

1. e4 c5 2. Nf3 a6 3. d4 cxd4 4. Nxd4 Nf6 5. Nc3 e5 6. Nf3 Nc6 7. Be3 Bb4 8. Bd3 O-O 9. O-O Bxc3 10. bxc3 d5 11. exd5 Nxd5 12. Bd2 Be6 13. Re1 Qc7 14. Qe2 Bg4 15. Qe4 Nf6 16. Qe2 Rfe8 17. h3 e4 18. hxg4 exd3 19. Qxd3 Nxg4 20. Qc4 Nf6 21. Bf4 Qa5 22. Qb3 Qf5 23. Qxb7 Qxf4 24. Qxc6 Rac8 25. Rxe8+ Rxe8 26. Qxa6 h6 27. Qd3 Qc7 28. a4 Rd8 29. Qe3 Re8 30. Qd4 Rd8 31. Qe5 Qa7 32. a5 Rd5 33. Qe3 Qa6 34. Qb6 Rd6 35. Qxa6 Rxa6 36. Nd4 Ne4 37. c4 Nc3 38. Kf1 Kf8 39. Ke1 Ke8 40. Kd2 Ne4+ 41. Ke3 Nc5 42. Nb3 Ne6 43. Ke4 Kd7 44. Kd5 Nf4+ 45. Kd4 Kd6 46. c5+ Kc6 47. g3 Ne6+ 48. Kc4 f5 49. Nd4+ Nxd4 50. Kxd4 g5 51. c4 f4 52. gxf4 gxf4 53. Ra3 h5 54. Ra4 h4 55. Ra3 f3 56. Rxf3 Rxa5 57. Rf6+ Kc7 58. Rh6 Ra2 59. Rxh4 Rxf2 60. Rh7+ Kc6 61. Rh6+ Kc7 62. Rh4 Rf1 63. Kd5 Rd1+ 64. Rd4 Re1 65. Re4 Rd1+ 66. Ke5 Rc1 67. Rd4 Re1+ 68. Kd5 Rh1 69. Re4 Rd1+ 70. Rd4 Rh1 71. Re4 Rh5+ 72. Re5 Rh4 73. c6 Rh7 74. c5 Rh1 75. Re4 Rd1+ 76. Rd4 Re1 77. Kc4 Rc1+ 78. Kd5 Re1 79. Rg4 Rd1+ 80. Rd4 Re1 1/2-1/2


[Site "https://www.chess.com"]

[Event "Titled Tuesday Blitz March 08 Late 2022"]
[White "Maranhao,Jose Renato Ruiz"]
[Black "P., Komal Kishore"]
[WhiteFideId "2135175"]
[BlackFideId "5016703"]
[WhiteElo "1970"]
[BlackElo "2136"]
[Result "1-0"]
[Round "10"]
[TimeControl "180+1"]
[Date "2022.03.09"]
[WhiteClock "0:00:04"]
[BlackClock "0:00:32"]

1. e4 c6 2. d4 d5 3. e5 Bf5 4. Nf3 e6 5. Be2 c5 6. Be3 Ne7 7. dxc5 Nec6 8. Nbd2 Nd7 9. Bd4 Nxc5 10. O-O Be7 11. Nb3 Ne4 12. c4 Nxd4 13. Nbxd4 Bg6 14. Qa4+ Qd7 15. Qxd7+ Kxd7 16. cxd5 exd5 17. Bb5+ Kc7 18. Rac1+ Kb6 19. e6 a6 20. Bd7 Rhd8 21. Ne5 Bc5 22. Nb3 Bxf2+ 23. Rxf2 Nxf2 24. Kxf2 fxe6 25. Bxe6 Re8 26. Nd7+ Ka7 27. Bxd5 Rad8 28. Rc7 Be4 29. Rxb7+ Ka8 30. Nb6# 1-0


[Site "https://www.chess.com"]

[Event "Titled Tuesday Blitz March 08 Late 2022"]
[White "Martin Duque, Jesus"]
[Black "Gadimbayli, Abdulla"]
[WhiteFideId "2208954"]
[BlackFideId "13404938"]
[WhiteElo "2243"]
[BlackElo "2311"]
[Result "1/2-1/2"]
[Round "10"]
[TimeControl "180+1"]
[Date "2022.03.08"]
[WhiteClock "0:00:22"]
[BlackClock "0:00:10"]

1. Nf3 g6 2. e4 Bg7 3. d4 d6 4. Nc3 Nf6 5. Be3 Nbd7 6. Qd2 h6 7. h3 c6 8. Bd3 e5 9. dxe5 dxe5 10. O-O Qe7 11. Ne2 Nc5 12. Ng3 Bd7 13. Qc3 Nxd3 14. cxd3 Nh7 15. d4 exd4 16. Bxd4 Bxd4 17. Nxd4 O-O 18. Rad1 Nf6 19. Rfe1 Rfe8 20. e5 Nd5 21. Qc1 Kh7 22. Nf3 Rad8 23. Ne4 Be6 24. Nd6 Rf8 25. a3 Rd7 26. Qc5 Rfd8 27. Qxa7 f6 28. Nc4 b5 29. exf6 Qxf6 30. Qd4 bxc4 31. Qxf6 Nxf6 32. Rxd7+ Bxd7 33. Ne5 Bf5 34. Nxc4 Nd5 35. Na5 Rc8 36. Rc1 Ne7 37. g4 Bd7 38. Nb7 Kg7 39. Nc5 Rb8 40. Nxd7 Rxb2 41. Ra1 Nd5 42. a4 Nf4 43. a5 Nxh3+ 44. Kg2 Nxf2 45. a6 Ne4+ 46. Kf3 Ng5+ 47. Ke3 Rb3+ 48. Kd2 Ne6 49. a7 Nc7 50. Nc5 Rg3 51. Ne6+ Nxe6 52. a8=Q Rxg4 53. Ra7+ Kf6 54. Qh8+ Kg5 55. Ra5+ Kh4 56. Qf6+ Kg3 57. Ra3+ Kh2 58. Qxe6 h5 59. Ke1 Rg1+ 60. Kd2 Rg2+ 61. Kc1 Rg1+ 62. Kb2 Rg2+ 63. Kb3 g5 64. Qxc6 g4 65. Ra2 Rxa2 66. Kxa2 g3 67. Qc2+ g2 68. Qf2 Kh1 69. Qh4+ Kg1 70. Kb2 Kf1 71. Qf4+ Ke2 72. Qe4+ Kf2 73. Qf4+ Ke2 74. Qg3 Kf1 75. Qf3+ Kg1 76. Kc2 h4 77. Kd2 Kh2 78. Qf2 Kh1 79. Ke2 g1=Q 80. Qxh4+ Qh2+ 81. Qxh2+ Kxh2 1/2-1/2


[Site "https://www.chess.com"]

[Event "Titled Tuesday Blitz March 08 Late 2022"]
[White "Martins, Carlos"]
[Black "Kostiukov, Alexandr"]
[WhiteFideId "2101688"]
[BlackFideId "14108100"]
[WhiteElo "2183"]
[BlackElo "2202"]
[Result "0-1"]
[Round "10"]
[TimeControl "180+1"]
[Date "2022.03.09"]
[WhiteClock "0:00:04"]
[BlackClock "0:00:01"]

1. e4 c5 2. Nf3 g6 3. d4 cxd4 4. Nxd4 Bg7 5. Nc3 Nc6 6. Be3 Nf6 7. Nxc6 bxc6 8. e5 Ng8 9. Bd4 f6 10. f4 fxe5 11. Bxe5 Nf6 12. Bc4 d5 13. Bb3 O-O 14. O-O Qb6+ 15. Kh1 Bg4 16. Qe1 Rae8 17. h3 Bc8 18. Rd1 Nh5 19. Bxg7 Kxg7 20. g4 Nf6 21. Qe5 Ba6 22. g5 Bxf1 23. Rxf1 Kh8 24. Kg2 Kg8 25. Qe6+ Kg7 26. gxf6+ exf6 27. Qd7+ Kh6 28. Rf2 d4 29. Ne2 c5 30. Ng3 Rd8 31. Qe6 Qxe6 32. Bxe6 Rfe8 33. f5 gxf5 34. Bxf5 c4 35. b3 d3 36. cxd3 cxd3 37. Rd2 Re3 38. Kf2 Re5 39. Bg4 Kg5 40. Bf3 Kh4 41. Ne4 f5 42. Nc3 Kxh3 0-1


[Site "https://www.chess.com"]

[Event "Titled Tuesday Blitz March 08 Late 2022"]
[White "Martirosyan, Haik M."]
[Black "Praggnanandhaa R"]
[WhiteFideId "13306553"]
[BlackFideId "25059530"]
[WhiteElo "2735"]
[BlackElo "2599"]
[Result "1-0"]
[Round "10"]
[TimeControl "180+1"]
[Date "2022.03.08"]
[WhiteClock "0:00:05"]
[BlackClock "0:00:02"]

1. d4 Nf6 2. Bg5 g6 3. Bxf6 exf6 4. e3 Bg7 5. g3 d5 6. Bg2 c6 7. Nd2 Be6 8. Ne2 f5 9. Nf4 Nd7 10. c4 dxc4 11. Nxe6 fxe6 12. Nxc4 O-O 13. O-O Qe7 14. Rc1 Kh8 15. Qb3 Rab8 16. Rfd1 Nf6 17. Ne5 Nd7 18. Nd3 Rfd8 19. Nf4 Nf8 20. h4 e5 21. dxe5 Bxe5 22. Bf3 Kg7 23. Kg2 h6 24. Qc2 Qf6 25. b4 Ne6 26. Qc4 Bxf4 27. exf4 Nd4 28. Rd3 Rd6 29. Re1 Rbd8 30. Rde3 R6d7 31. Bd1 Qd6 32. Qc3 Qf6 33. Bb3 g5 34. fxg5 hxg5 35. hxg5 Qxg5 36. Qc5 Qf6 37. Be6 Re7 38. Bc4 Rxe3 39. Rxe3 Rd7 40. Re8 b6 41. Rg8+ Kh7 42. Qf8 Qxf8 43. Rxf8 Kg7 44. Rc8 Kf6 45. a4 Ke5 46. a5 b5 47. Bf1 Kd5 48. Bd3 Ke5 49. a6 Kd6 50. Kf1 Ke5 51. Rb8 f4 52. gxf4+ Kxf4 53. Rb7 Rd6 54. Rxa7 Nf3 55. Rf7+ Kg4 56. Be2 1-0


[Site "https://www.chess.com"]

[Event "Titled Tuesday Blitz March 08 Late 2022"]
[White "Mekhitarian, Krikor Sevag"]
[Black "Chernomordik, Pavel"]
[WhiteFideId "2107660"]
[BlackFideId "2804530"]
[WhiteElo "2598"]
[BlackElo "2249"]
[Result "1-0"]
[Round "10"]
[TimeControl "180+1"]
[Date "2022.03.09"]
[WhiteClock "0:00:06"]
[BlackClock "0:00:01"]

1. e4 g6 2. d4 Bg7 3. Nc3 d6 4. Be3 a6 5. h4 h6 6. f4 b5 7. h5 gxh5 8. e5 Bg4 9. Be2 Qd7 10. Rxh5 Bxh5 11. Bxh5 d5 12. Nce2 e6 13. f5 exf5 14. Nf4 Kd8 15. Qd3 Nc6 16. c3 Kc8 17. Nge2 Nd8 18. Ng3 Ne7 19. O-O-O Rf8 20. Bf3 c6 21. Nfh5 Bh8 22. Bxh6 Rg8 23. Rf1 Kb7 24. Bd1 Qe6 25. Bd2 f6 26. Nf4 Qd7 27. exf6 Bxf6 28. Bc2 Ne6 29. Nfe2 Bg5 30. Bxg5 Rxg5 31. Qf3 Rf8 32. a4 f4 33. Nh1 Nf5 34. Bxf5 Rgxf5 35. Nf2 Ng5 36. Qd3 Qe6 37. Nd1 Ne4 38. axb5 axb5 39. Rh1 R5f7 40. Rf1 Qg4 41. Qf3 Rg8 42. Qxg4 Rxg4 43. Ne3 Rgg7 44. Rxf4 Rxf4 45. Nxf4 Rf7 46. Nd3 Kc7 47. Kc2 Kd6 48. Kb3 Nf2 49. Ne5 Rg7 50. Nf5+ Ke6 51. Nxg7+ Kf6 52. Nh5+ Kg5 53. Nxc6 Kxh5 54. Ne7 Nd3 55. Nxd5 Nc1+ 56. Kc2 Ne2 57. Nc7 b4 58. Kd3 Nf4+ 59. Kc4 bxc3 60. bxc3 Nxg2 61. d5 Ne3+ 62. Kd4 Nf5+ 63. Ke5 Ne7 64. d6 Nc6+ 65. Kd5 Nd8 66. Ne6 Nf7 67. d7 Kg4 68. d8=Q 1-0


[Site "https://www.chess.com"]

[Event "Titled Tuesday Blitz March 08 Late 2022"]
[White "Milanovic, Marko"]
[Black "Chiu, Isaac"]
[WhiteFideId "980129"]
[BlackFideId "30900654"]
[WhiteElo "2159"]
[BlackElo "2117"]
[Result "1-0"]
[Round "10"]
[TimeControl "180+1"]
[Date "2022.03.08"]
[WhiteClock "0:00:37"]
[BlackClock "0:00:08"]

1. e4 e5 2. Nf3 Qe7 3. Bc4 d6 4. O-O Nf6 5. Re1 c6 6. d4 h6 7. a4 a5 8. Nc3 Nbd7 9. h3 g6 10. Be3 Bg7 11. Qd2 g5 12. Rad1 O-O 13. h4 g4 14. Nh2 Kh7 15. dxe5 dxe5 16. g3 Nc5 17. Bxc5 Qxc5 18. Bb3 h5 19. Nf1 Bh6 20. Qe2 Be6 21. Bxe6 fxe6 22. Ne3 Rf7 23. Rf1 Raf8 24. Nc4 Ng8 25. Kg2 Ne7 26. Nd6 Rf3 27. Nxb7 Qb4 28. Rd7 R8f7 29. Nd6 Rg7 30. Nc4 Ng6 31. Rxg7+ Bxg7 32. Rd1 Bf6 33. Rd7+ Kg8 34. Nd2 Qxb2 35. Nxf3 Qxc3 36. Ne1 Bxh4 37. Qd2 Qxd2 38. Rxd2 Be7 39. Rd7 Kf8 40. Ra7 h4 41. Rxa5 h3+ 42. Kh2 Bb4 43. Ra8+ Kf7 44. Nd3 Bd6 45. a5 Nf8 46. a6 Nh7 47. Ra7+ 1-0


[Site "https://www.chess.com"]

[Event "Titled Tuesday Blitz March 08 Late 2022"]
[White "Miszler, Levente"]
[Black "Baker, Chris W"]
[WhiteFideId "763276"]
[BlackFideId "401676"]
[WhiteElo "1966"]
[BlackElo "2266"]
[Result "1/2-1/2"]
[Round "10"]
[TimeControl "180+1"]
[Date "2022.03.09"]
[WhiteClock "0:01:26"]
[BlackClock "0:01:19"]

1. Nf3 e6 2. e4 d5 3. e5 c5 4. b4 cxb4 5. a3 Nc6 6. axb4 Bxb4 7. c3 Ba5 8. d4 Nge7 9. Bd3 a6 10. O-O b5 11. Qc2 Qc7 12. Nbd2 Bd7 13. Nb3 Bb6 14. Bxb5 Nb4 15. Bxd7+ Kxd7 16. Nc5+ Qxc5 17. Qa4+ Qb5 18. cxb4 Qxa4 19. Rxa4 Nc6 20. Be3 Rhb8 21. Rfa1 Bc7 22. Rxa6 Rxa6 23. Rxa6 Nxb4 24. Ra1 h6 25. Rc1 Bb6 26. g4 Nc6 27. h4 Ra8 28. Rb1 Kc7 29. g5 h5 30. Kg2 g6 31. Kf1 Ra4 32. Rd1 Rc4 33. Ke2 Nb4 34. Rc1 Rxc1 35. Bxc1 Kc6 36. Ba3 Nc2 37. Bb2 Nb4 38. Ba3 Nc2 39. Bb2 Nb4 40. Ba3 1/2-1/2


[Site "https://www.chess.com"]

[Event "Titled Tuesday Blitz March 08 Late 2022"]
[White "Mogranzini, Roberto"]
[Black "Ronka, Erik"]
[WhiteFideId "810894"]
[BlackFideId "505080"]
[WhiteElo "2469"]
[BlackElo "2264"]
[Result "0-1"]
[Round "10"]
[TimeControl "180+1"]
[Date "2022.03.09"]
[WhiteClock "0:00:15"]
[BlackClock "0:00:34"]

1. e4 Nf6 2. e5 Nd5 3. Bc4 Nb6 4. Bb3 d5 5. d4 Bf5 6. c3 e6 7. g4 Bg6 8. Ne2 c5 9. Nf4 Nc6 10. h4 cxd4 11. cxd4 Bxb1 12. Rxb1 Be7 13. h5 Rc8 14. Be3 O-O 15. a3 Qd7 16. Bc2 f6 17. Qd3 f5 18. gxf5 exf5 19. b4 Nc4 20. Rg1 Nd8 21. Bd1 Ne6 22. Bf3 Nxf4 23. Bxf4 a5 24. Ke2 axb4 25. axb4 Ra8 26. Rgc1 Ra2+ 27. Kf1 b5 28. Ra1 Rxa1 29. Rxa1 Bxb4 30. Qb3 Bd2 31. Bh2 f4 32. Kg1 h6 33. Ra6 Kh8 34. Bg2 f3 35. Bxf3 Qf5 36. Kg2 Ne3+ 0-1


[Site "https://www.chess.com"]

[Event "Titled Tuesday Blitz March 08 Late 2022"]
[White "Nakamura, Hikaru"]
[Black "Holt, Conrad"]
[WhiteFideId "2016192"]
[BlackFideId "2034387"]
[WhiteElo "2850"]
[BlackElo "2586"]
[Result "0-1"]
[Round "10"]
[TimeControl "180+1"]
[Date "2022.03.08"]
[WhiteClock "0:00:07"]
[BlackClock "0:00:11"]

1. Nf3 d5 2. e3 Nf6 3. c4 e6 4. Nc3 Be7 5. d4 O-O 6. Bd3 dxc4 7. Bxc4 a6 8. Qe2 b5 9. Bd3 Bb7 10. e4 c5 11. dxc5 Nbd7 12. Be3 b4 13. Na4 Nxe4 14. Rc1 Qa5 15. Bxe4 Bxe4 16. b3 Rac8 17. O-O Bc6 18. Nd4 Bxa4 19. bxa4 Nxc5 20. Rc4 Nxa4 21. Nc6 Qc7 22. Bf4 Bd6 23. Bxd6 Qxd6 24. Rd1 Qc7 25. Rdd4 Nb6 26. Rc2 Nd5 27. Rxd5 exd5 28. Qxa6 Rfe8 29. g3 Ra8 30. Qb5 Qd7 31. Qc5 Qh3 32. Rc1 h5 33. Ne7+ Kh8 34. Qxd5 Rad8 35. Qxf7 Qg4 36. Rf1 h4 37. h3 Qg5 38. Ng6+ Kh7 39. Nxh4 Rf8 40. Qe6 Rb8 41. Qe4+ Kg8 42. Ng6 Rfe8 43. Qc4+ Kh7 44. Nf4 Qf5 45. Qd4 Qe4 46. Qd7 Ra8 47. Qg4 Kg8 48. Rd1 Rad8 49. Rc1 Re7 50. h4 Rde8 51. Qg5 Rf7 52. h5 Qf5 53. Qh4 Ref8 54. Rc4 Re8 55. Rxb4 Qa5 56. Rb1 Qa8 57. Rf1 Qxa2 58. Qg4 Qa6 59. Rd1 Qf6 60. Rd5 Qa1+ 61. Kg2 Qa8 62. Kh2 Rxf4 63. Qd7 Rf7 64. Qd6 Rxf2+ 65. Kh3 Rf7 66. Rg5 Qc8+ 67. Kh4 Qe6 68. Qd2 Qe4+ 69. Rg4 Qe1 70. Qd5 Qe6 71. Qd2 Qf6+ 72. Kh3 Qf1+ 73. Kh4 Ref8 74. Qd5 Qf6+ 75. Qg5 Qf5 76. Qe3 Qf6+ 77. Qg5 Qxg5+ 78. Rxg5 Kh7 79. Rc5 Rf1 80. g4 Rh1+ 81. Kg5 Rd8 82. Re5 Rhd1 83. Kh4 R1d5 84. Re7 Kg8 85. Ra7 g5+ 86. hxg6 R8d6 87. Ra8+ Kg7 88. Ra7+ Kxg6 89. Ra8 Rd1 90. Rg8+ Kh7 91. Ra8 Rh1+ 92. Kg3 Rd3+ 93. Kf4 Rf1+ 94. Ke4 Rd7 95. Ra5 Rg7 96. Rh5+ Kg8 97. Rh4 Rg6 98. Ke5 Kg7 99. Ke4 Rg5 100. Ke3 Kg6 0-1


[Site "https://www.chess.com"]